Map: 机械城 - 天梯版

Players

Probe - Winner!

  • Race: Protoss Protoss
  • League: Platinum

PSiArc

  • Race: Terran Terran
  • League: Platinum

Event: WESG 2018 Grand Finals

VOD

Have the link to the VOD?

Description

Time

  • Played on: March 12, 2019, 7:24 a.m.
  • Length: 8:33

All games in this series

Show
View Real Time Build Order
Export as new Build Order

Probe Protoss - Winner!

Build Orders: 1 Gate Expand, Double Forge, Blink Stalkers 

Get SALT Encoding   

  12  0:00  Probe  
  13  0:13  Probe  
  14  0:18  Pylon  
  14  0:24  Probe  
  15  0:33  Probe  
  15  0:38  Gateway  
  15  0:41  Probe  
  16  0:46  Assimilator  
  17  0:51  Probe  
  18  1:03  Probe  
  19  1:15  Probe  
  20  1:24  Nexus  
  20  1:34  Cybernetics Core  
  20  1:37  Probe  
  21  1:45  Assimilator  
  21  1:49  Probe  
  21  1:54  Pylon  
  22  2:01  Probe  
  22  2:02  Adept  
  23  2:09  Probe  
  23  2:10  Warp Gate  
  26  2:17  Probe  
  27  2:25  Twilight Council  
  27  2:27  Probe  
  27  2:36  Probe  
  28  2:38  Probe  
  28  2:43  Stalker  
  31  2:46  Probe  
  31  2:49  Probe  
  33  2:52  Blink  
  33  2:54  Probe  
  33  2:58  Probe  
  35  3:06  Probe x2  
  37  3:18  Probe  
  38  3:20  Probe  
  38  3:21  Robotics Facility  
  39  3:30  Probe  
  39  3:33  Probe  
  41  3:34  Gateway x2  
  41  3:43  Pylon  
  41  3:44  Probe  
  41  3:46  Probe  
  43  3:52  Pylon  
  43  3:56  Probe  
  43  3:58  Probe  
  43  4:01  Stalker  
  47  4:06  Assimilator  
  47  4:08  Observer  
  48  4:12  Probe x2  
  50  4:19  Nexus  
  50  4:24  Probe  
  50  4:29  Stalker  
  50  4:30  Stalker x2  
  56  4:31  Observer  
  56  4:32  Probe  
  56  4:36  Probe  
  56  4:37  Pylon  
  58  4:45  Forge  
  58  4:47  Forge  
  59  4:52  Observer  
  59  5:01  Gateway  
  59  5:02  Protoss Ground Weapons Level 1, Protoss Ground Armor Level 1  
  59  5:03  Gateway  
  59  5:04  Gateway  
  59  5:05  Sentry  
  61  5:11  Probe x2  
  62  5:23  Probe x2  
  62  5:25  Pylon, Charge  
  64  5:30  Sentry, Gateway  
  64  5:31  Gateway  
  66  5:37  Probe  
  66  5:38  Probe x2  
  70  5:50  Probe x3  
  70  5:51  Zealot x2  
  70  5:53  Zealot  
  78  6:02  Probe  
  79  6:06  Zealot x2  
  79  6:07  Zealot  
  79  6:10  Pylon  
  85  6:13  Pylon, Phoenix  
  85  6:15  Zealot x3  
  91  6:24  Stalker x2  
  93  6:30  Pylon  
  93  6:31  Pylon  
  93  6:35  Zealot x3  
  99  6:41  Probe  
  99  6:42  Zealot x2, Probe  
  105  6:47  Pylon  
  105  6:50  Pylon  
  105  6:55  Zealot x3  
  111  7:03  Immortal  
  115  7:16  Zealot x2  
  115  7:17  Zealot x5  
  129  7:22  Pylon  
  129  7:24  Pylon  
  129  7:34  Observer  
  129  7:40  Zealot x3  
  129  7:41  Zealot x5  
  143  7:45  Observer  
  143  7:47  Templar Archives  
  144  8:01  Zealot  
  144  8:02  Zealot x5  
  154  8:08  Pylon  
  154  8:09  Pylon x2  
  136  8:23  Zealot  
  136  8:24  Zealot x7  
Show
View Real Time Build Order
Export as new Build Order

PSiArc Terran 

Build Orders: Reaper Expand 

Get SALT Encoding   

  12  0:00  SCV  
  13  0:13  SCV  
  14  0:18  Supply Depot  
  14  0:25  SCV  
  15  0:39  SCV  
  15  0:42  Barracks  
  16  0:45  Refinery  
  16  0:52  SCV  
  17  1:04  SCV  
  18  1:16  SCV  
  19  1:29  Reaper, Orbital Command  
  20  1:46  Command Center  
  20  1:55  SCV  
  20  1:57  Supply Depot  
  20  2:01  Marine  
  22  2:07  SCV  
  23  2:12  Factory  
  23  2:19  Marine, Refinery  
  24  2:27  SCV  
  25  2:37  Marine  
  25  2:39  SCV  
  26  2:51  SCV  
  26  2:56  Factory Tech Lab, Barracks Reactor  
  27  2:59  Starport, Orbital Command  
  27  3:05  SCV  
  28  3:16  Cyclone  
  28  3:17  SCV  
  28  3:19  Refinery  
  32  3:25  SCV  
  33  3:28  Supply Depot  
  33  3:32  Marine x2, SCV  
  36  3:36  Starport Tech Lab  
  36  3:39  SCV  
  37  3:44  SCV  
  38  3:51  Marine x2, SCV  
  38  3:54  Raven  
  43  3:56  SCV  
  44  4:03  SCV  
  44  4:06  Barracks  
  44  4:08  SCV  
  44  4:09  Barracks  
  46  4:11  Siege Tank  
  46  4:15  Marine, SCV  
  46  4:16  Marine  
  52  4:22  SCV  
  53  4:25  Supply Depot  
  53  4:29  Supply Depot  
  53  4:33  Liberator, SCV  
  54  4:39  Bunker  
  54  4:42  Engineering Bay  
  54  4:46  SCV  
  54  4:48  Siege Tank  
  61  4:58  SCV  
  61  4:59  Marine x2  
  64  5:01  Barracks Tech Lab  
  64  5:02  Stimpack  
  64  5:05  Marine  
  65  5:09  SCV  
  65  5:12  SCV  
  67  5:16  Terran Infantry Weapons Level 1  
  67  5:17  Marine, Supply Depot  
  67  5:19  Supply Depot  
  68  5:24  Marine x2  
  70  5:36  Refinery  
  70  5:39  Barracks, Siege Tank, SCV  
  70  5:40  Barracks  
  74  5:43  SCV  
  74  5:47  Supply Depot  
  75  5:51  SCV  
  75  5:52  Starport Reactor  
  75  5:55  Marauder, Combat Shield  
  78  5:58  Marauder, Marine x2  
  78  6:04  SCV x2  
  83  6:09  Supply Depot  
  83  6:10  Supply Depot  
  84  6:15  Siege Tank  
  84  6:17  Marauder  
  89  6:19  Marine x2  
  89  6:23  Marauder  
  93  6:29  Barracks Reactor, Barracks Tech Lab  
  93  6:35  Supply Depot  
  93  6:37  Medivac  
  93  6:39  Medivac, Marauder  
  99  6:42  Marine x2  
  99  6:45  Marauder, Supply Depot  
  103  6:49  Supply Depot  
  103  6:50  Marauder  
  105  6:59  Siege Tank  
  105  7:00  Marauder, Marine  
  111  7:03  Marine  
  111  7:06  Marauder  
  111  7:20  Marine  
  111  7:21  Marauder, Marine x2  
  111  7:22  Medivac, Marauder, Marine  
  121  7:27  Marauder  
  123  7:33  Supply Depot  
  123  7:38  Marine  
  123  7:42  Marauder, Marine  
  123  7:43  Marauder, Marine x2  
  125  7:49  Marauder  
  127  7:56  Marine  
  128  8:00  Marine  
  128  8:02  Marine x2  
  128  8:04  Marauder  
  128  8:05  Marauder  
  135  8:06  Supply Depot  
  135  8:10  Marauder  
Tags
 
Add a new tag
Caveats
  • Supply blocks, unpowered buildings, or Contaminate may cause inaccurate times.
  • Supply counts are checked every 10 seconds.